 Dungeon Crawl Stone Soup version 0.24.0-13-gcf9b319 (webtiles) character file.

Game seed: 11654879504730586609, levelgen mode: deterministic

1798 hebrewsteve the Ruffian (level 8, -18/79 HPs)
             Began as a Troll Monk on Dec 29, 2019.
             Was a Believer of Wu Jian.
             Demolished by an angel
             ... wielding a +2 whip of holy wrath
              (26 damage)
             ... on level 2 of the Abyss.
             The game lasted 00:22:55 (4747 turns).

hebrewsteve the Ruffian (Troll Monk)                Turns: 4747, Time: 00:22:56

Health: -18/79     AC:  9    Str: 20    XL:     8   Next: 83%
Magic:  7/7        EV: 12    Int:  6    God:    Wu Jian [**....]
Gold:   326        SH:  0    Dex: 14    Spells: 7/7 levels left

rFire    . . .     SeeInvis +     - Unarmed
rCold    . . .     Gourm    +   (no shield)
rNeg     . . .     Faith    .   a - +0 robe
rPois    .         Spirit   .   (helmet restricted)
rElec    .         Reflect  .   g - +2 cloak
rCorr    .         Harm     .   (gloves unavailable)
MR       .....                  (boots unavailable)
Stlth    +.........             e - amulet of regeneration
HPRegen  1.03/turn              p - ring of see invisible
MPRegen  0.10/turn              (no ring)

@: glowing
A: large, unfitting armour, claws 3, fast metabolism 3, gourmand, regeneration
1, shaggy fur 1, tough skin 3
a: Wall Jump, Renounce Religion


You were on level 2 of the Abyss.
You worshipped Wu Jian.
Wu Jian was pleased with you.
You were completely stuffed.

You visited 1 branch of the dungeon, and saw 7 of its levels.
You visited the Abyss 1 time.

You collected 326 gold pieces.

Inventory:

Hand Weapons
 q - a +4 quarterstaff of chaos
Missiles
 j - 2 javelins (quivered)
Armour
 a - a +0 robe (worn)
 g - a +2 cloak (worn)
 w - a +2 shield
Jewellery
 e - an amulet of regeneration (around neck)
 k - an uncursed amulet of rage {unknown}
 p - a ring of see invisible (left claw)
Scrolls
 c - 4 scrolls of identify {unknown}
 h - 2 scrolls of enchant armour {unknown}
 i - 2 scrolls of immolation {unknown}
 r - 3 scrolls of teleportation
 u - 4 scrolls of remove curse {unknown}
 v - a scroll of blinking {unknown}
 y - a scroll of fog {unknown}
 z - 2 scrolls of magic mapping {unknown}
Potions
 d - 4 potions of curing {unknown}
 f - 2 potions of lignification {unknown}
 l - a potion of heal wounds {unknown}
 m - 3 potions of degeneration
 n - 2 potions of magic {unknown}
 o - a potion of resistance {unknown}
 s - a potion of mutation {unknown}
 t - a potion of might {unknown}
 x - 3 potions of agility {unknown}
 A - a potion of cancellation {unknown}
Comestibles
 b - 12 rations
 B - a chunk of flesh


   Skills:
 + Level 4.9 Fighting
 + Level 5.2 Dodging
 + Level 3.3 Stealth
 + Level 7.4 Unarmed Combat


You had 7 spell levels left.
You didn't know any spells.
Your spell library contained the following spells:

 Spells                   Type           Power        Failure   Level  Hunger
 Animate Skeleton         Necr           N/A          45%         1    ##.....
 Apportation              Tloc           #.....       45%         1    ##.....
 Confusing Touch          Hex            #.....       45%         1    ##.....
 Summon Small Mammal      Summ           #...         45%         1    ##.....


Dungeon Overview and Level Annotations

Branches:
Dungeon (7/15)
 Temple: D:4-7

Altars:
Ashenzari
Cheibriados
Dithmenos
Gozag
Okawaru
Ru
Sif Muna
Trog
Wu Jian
Xom
Yredelemnul
Zin


Innate Abilities, Weirdness & Mutations

You are too large for most types of armour.
You have claws for hands.
Your metabolism is lightning-fast.
You like to eat raw meat.
Your natural rate of healing is unusually fast.
You are covered in fur. (AC +1)
You have extremely tough skin. (AC +3)


Message History

The angel hits you with a +2 whip of holy wrath.
* * * LOW HITPOINT WARNING * * *
The angel hits you with a +2 whip of holy wrath.
* * * LOW HITPOINT WARNING * * *
The angel hits you but does no damage.
You scratch the angel but do no damage.
The angel hits you with a +2 whip of holy wrath.
* * * LOW HITPOINT WARNING * * *
The angel hits you but does no damage.
You miss the angel.
The angel hits you with a +2 whip of holy wrath.
* * * LOW HITPOINT WARNING * * *
The angel hits you but does no damage.
You miss the angel. The angel closely misses you.
The angel hits you with a +2 whip of holy wrath!
* * * LOW HITPOINT WARNING * * *
The angel hits you but does no damage. x2
You miss the angel.
The angel hits you with a +2 whip of holy wrath!!
You die...

. #. # #.. #.. ##.#
... # ###..#..# ...#
#.#.#.#..###...#.#..
#...#..#.....##.#.
#.@A.#.....##.
#..##......##.#.# ...#
#......# #.###
##.......#...#........
#.. .####...... .###.#
. # #......... .
#...#.. ...#... #..#
.... ...#..# #.#..#.
.. ...#. #


You could see an angel.

Vanquished Creatures
  The ghost of Casper005 the Cleaver, a novice HOBe of Trog (D:5)
  Sigmund (D:2)
  An orc warrior (D:6)
  Purgy (D:3)
  An ogre (D:4)
  3 bullfrogs
  A scorpion (D:6)
  A howler monkey (D:5)
  A crimson imp (D:6)
  A centaur zombie (D:6)
  A quasit (D:7)
  A hound (D:4)
  A jelly (D:5)
  A centaur skeleton (D:4)
  An orc priest (D:7)
  An orc wizard (D:3)
  Crazy Yiuf (D:2)
  Terence (D:3)
  5 worker ants
  Robin (D:2)
  6 gnolls
  4 adders
  A shadow imp (D:5)
  2 oozes (D:1)
  An adder skeleton (D:6)
  A worm (D:3)
  A dart slug (D:4)
  2 leopard geckos
  6 orcs
  5 bats
  A giant cockroach (D:3)
  14 goblins
  9 hobgoblins
  3 jackals (D:3)
  6 quokkas
  2 ball pythons (D:2)
  4 frilled lizards
  10 kobolds
  A leopard gecko skeleton (D:6)
  8 rats
113 creatures vanquished.

Notes
Turn   | Place    | Note
-------+----------+-------------------------------------------
     0 | D:1      | hebrewsteve the Troll Monk began the quest for the Orb.
     0 | D:1      | Reached XP level 1. HP: 22/22 MP: 0/0
   182 | D:1      | Reached XP level 2. HP: 23/29 MP: 1/1
   624 | D:2      | Reached XP level 3. HP: 32/36 MP: 2/2
   717 | D:2      | Noticed Robin
   757 | D:2      | Killed Robin
   757 | D:2      | Reached skill level 4 in Unarmed Combat
   757 | D:2      | Reached XP level 4. HP: 19/44 MP: 3/3
   818 | D:2      | Found a shadowy altar of Dithmenos.
   844 | D:2      | Noticed Sigmund
   862 | D:2      | Killed Sigmund
   862 | D:2      | Reached skill level 5 in Unarmed Combat
   862 | D:2      | Reached XP level 5. HP: 43/53 MP: 4/4
   985 | D:2      | Found a runed translucent door.
   986 | D:2      | Noticed Crazy Yiuf
   998 | D:2      | Killed Crazy Yiuf
  1268 | D:3      | Reached XP level 6. HP: 61/61 MP: 5/5
  1408 | D:3      | Noticed Purgy
  1416 | D:3      | Killed Purgy
  1659 | D:3      | Noticed Terence
  1669 | D:3      | Killed Terence
  1761 | D:3      | Found a white marble altar of Elyvilon.
  1763 | D:3      | Found a shimmering altar of Xom.
  1763 | D:3      | Found a hide-covered altar of Uskayaw.
  1767 | D:3      | Found an ancient bone altar of Kikubaaqudgha.
  1767 | D:3      | Found a shadowy altar of Dithmenos.
  1767 | D:3      | Found a bloodstained altar of Trog.
  2078 | D:4      | Found a shattered altar of Ashenzari.
  2118 | D:4      | Reached skill level 6 in Unarmed Combat
  2118 | D:4      | Reached XP level 7. HP: 59/67 MP: 6/6
  2183 | D:4      | Found a glowing silver altar of Zin.
  2849 | D:4      | Found a shimmering blue altar of Sif Muna.
  2972 | D:5      | Entered Level 5 of the Dungeon
  3080 | D:5      | Found an ornate altar of the Wu Jian Council.
  3087 | D:5      | Found an iron altar of Okawaru.
  3093 | D:5      | Found a snail-covered altar of Cheibriados.
  3105 | D:5      | Found a basalt altar of Yredelemnul.
  3132 | D:5      | Became a worshipper of the Wu Jian Council
  3132 | D:5      | Reached * piety under Wu Jian
  3132 | D:5      | Reached ** piety under Wu Jian
  3318 | D:5      | Found a runed translucent door.
  3323 | D:5      | Noticed Casper005's ghost (novice HOBe)
  3347 | D:5      | Killed Casper005's ghost
  3347 | D:5      | Reached XP level 8. HP: 36/78 MP: 7/7
  3793 | D:6      | Found an opulent altar of Gozag.
  3835 | D:6      | Reached skill level 7 in Unarmed Combat
  4044 | D:6      | Found a bloodstained altar of Trog.
  4345 | D:6      | Reached skill level 5 in Dodging
  4410 | D:6      | Found a sacrificial altar of Ru.
  4709 | D:7      | Cast into level 2 of the Abyss (gnoll sergeant)
  4733 | Abyss:2  | Noticed an angel
  4747 | Abyss:2  | Demolished by an angel

Levels and vault maps discovered:
D:1:      tarquinn_simple_flora_water_b, layout_rooms
D:2:      layout_rooms, overflow_temple_1_default, uniq_crazy_yiuf_cottage,
          uniq_sigmund, uniq_robin
D:3:      layout_loops_ring, doesnt_xom_only_xom, uniq_purgy, uniq_terence
D:4:      layout_basic, lemuel_crystal_altar, kennysheep_mini_moat,
          led_sif_pool, serial_bayou_pond_c
D:5:      layout_cave_pods, minitemple, first_ration,
          hellmonk_ghost_happy_afterlife, hex_large
D:6:      layout_cave_pods, old_standard_altar, lemuel_coloured_pillars_altar,
          bloody_trog
D:7:      layout_basic, dancing_weapons_uskayaw,
          minmay_temple_entry_enclosed_plants, enter_bailey_7,
          uniq_prince_ribbit1
Abyss:2:  hangedman_abyss_or_decor_jellyfish_corner

Skill      XL: |  1  2  3  4  5  6  7  8 |
---------------+-------------------------+-----
Unarmed Combat | 4 5 6 7 |  7.4
Fighting       | 3 4 |  4.9
Dodging        | 3 4 5 |  5.2
Stealth        | 2 3 |  3.3

Action                   |  1- 3 |  4- 6 |  7- 9 || total
-------------------------+-------+-------+-------++-------
Melee: Unarmed           |    84 |   114 |   158 ||   356
       Punch             |     1 |     2 |     5 ||     8
Throw: Javelin           |       |     1 |     2 ||     3
Invok: Lunge             |       |       |    10 ||    10
       Whirlwind         |       |       |    10 ||    10
  Use: Scroll            |       |       |     1 ||     1
 Stab: Sleeping          |     2 |     4 |     4 ||    10
       Distracted        |       |     1 |       ||     1
  Eat: Chunk             |    12 |    12 |    25 ||    49
Armor: Robe              |    39 |    37 |    50 ||   126
Dodge: Dodged            |    27 |    52 |    63 ||   142
